AoeStats
← LSL

Nomad

503579166Analyzed
1v1 RM · 9d ago on Sep 1, 2026· 23m 7s· 2 players
Game mode
Random Map
Map size
126×126
Population
200
Speed
Normal
Resources
Standard
Victory
Conquest
Starting age
Dark Age
Ending age
Imperial Age
RankedLock teamsTeams togetherTeam positionsShared explorationLock speedFull tech treeHidden civsTurbo modeCheats
Victory
Defeat
🇭🇺 Spanish · Hungary
1121
+13
🇧🇷 Japanese · Brazil
1063
-13
LSL
4:31 Loom
13:33 Feudal Age
19:12 Castle Age
18:22 Fletching
19:01 Double-Bit Axe
19:57 Town Watch
20:12 Bodkin Arrow
20:04 Fishing Lines
guilherme
11:39 Loom
14:27 Feudal Age
14:34 Man-at-Arms
18:59 Fishing Lines
23:15 Castle Age
Connection lost

Rejoining the realm…

Still unreachable

The connection could not be restored.

Session expired

The server has moved on; the page needs a fresh start.